 Dungeon Crawl Stone Soup version 0.31-a0-569-g7ea453304b (webtiles) character file.

Game seed: 8071529986431159541

206 Ijustatesigmund the Stinger (level 5, 0/51 HPs)
             Began as an Octopode Venom Mage on Aug 18, 2023.
             Slain by a shadow imp (2 damage)
             ... on level 4 of the Dungeon.
             The game lasted 00:05:31 (2019 turns).

Ijustatesigmund the Stinger (Octopode Venom Mage)   Turns: 2019, Time: 00:05:33

Health: 0/51       AC: 22    Str:  7    XL:     5   Next: 84%
Magic:  9/9        EV: -1    Int: 19    God:
Gold:   122        SH:  0    Dex: 13    Spells: 4/10 levels left

rFire   . . .        d - +4 short sword
rCold   . . .        (no shield)
rNeg    . . .        (helmet currently unavailable)
rPois   +            (no amulet)
rElec   .            (no ring)
rCorr   .            (no ring)
SInv    .            (no ring)
Will    .....        (no ring)
Stlth   ++           (no ring)
HPRegen 0.28/turn    (no ring)
MPRegen 0.11/turn    (no ring)
                     (no ring)

%: no passive effects
@: mighty, tree-form (expiring), constricted
A: stationary, stasis, torment immunity, boosted hp, almost no armour,
(amphibious), 8 rings, (camouflage 1), (gelatinous body 1), (nimble swimmer 1),
(tentacles)
a: no special abilities


You were on level 4 of the Dungeon.
You were a tree.
You visited 1 branch of the dungeon, and saw 4 of its levels.

You collected 122 gold pieces.

Inventory:

Hand Weapons
 b - a +0 broad axe
 d - a +4 short sword (weapon)
Scrolls
 e - a scroll of fog
 f - a scroll of identify
Potions
 a - 2 potions of magic
 c - a potion of attraction
 g - a potion of lignification
 l - a potion of might


   Skills:
 + Level 2.3 Fighting
 - Level 2.0 Dodging
 - Level 2.6 Stealth
 + Level 3.0 Spellcasting
 + Level 1.7 Conjurations
 - Level 1.0 Transmutations
 + Level 2.0 Air Magic
 + Level 4.8 Poison Magic


You had 4 spell levels left.
You knew the following spells:

 Your Spells              Type           Power      Damage    Failure   Level
a - Sting                 Tmut/Pois      56%        1d5       4%          1
b - Poisonous Vapours     Pois/Air       32%        N/A       5%          2
c - Mephitic Cloud        Conj/Pois/Air  13%        N/A       14%         3

Your spell library contained the following spells:

 Spells                   Type           Power      Damage    Failure   Level
 Olgreb's Toxic Radiance  Pois           21%        N/A       21%         4


Dungeon Overview and Level Annotations

Branches:
Dungeon (4/15)
 Temple: D:4-7

Altars:

Annotations:
D:3 1 runed translucent door, Ijyb


Innate Abilities, Weirdness & Mutations

You are a tree.
Your roots penetrate the ground, keeping you stationary.
You cannot be teleported.
You are immune to unholy pain and torment.
Your maximum health is greatly increased.
You cannot wear most types of armour.
((You are amphibious.))
You can wear up to eight rings at the same time.
((Your skin changes colour to match your surroundings (Stealth+).))
((Your rubbery body absorbs attacks. (AC +1, EV +1)))
((You are camouflaged when in or above water. (Stealth+)))
((You have tentacles for arms and can constrict up to eight enemies at once.))


Message History

The ball python bites you.
* * * LOW HITPOINT WARNING * * *
The ball python constricts you. The worm bites you but does no damage.
The shadow imp hits you but does no damage. x2
The goblin hits you with a +3 dagger.
* * * LOW HITPOINT WARNING * * *
You puncture the scorpion!
You kill the scorpion!
The ball python bites you but does no damage.
The ball python constricts you.
The ball python bites you but does no damage.
The ball python constricts you. The goblin hits you with a +3 dagger.
* * * LOW HITPOINT WARNING * * *
The shadow imp hits you.
* * * LOW HITPOINT WARNING * * *
The shadow imp hits you.
* * * LOW HITPOINT WARNING * * *
The worm bites you but does no damage.
Your Spellcasting skill increases to level 3!
Your Air Magic skill increases to level 2!
Okay, then.
You hit the worm.
The worm is lightly wounded.
The ball python bites you but does no damage.
The ball python constricts you. The goblin hits you with a +3 dagger.
* * * LOW HITPOINT WARNING * * *
The shadow imp hits you but does no damage. x2
You puncture the worm!
The worm is severely wounded.
The ball python bites you but does no damage.
The ball python constricts you. The worm bites you but does no damage.
The shadow imp hits you but does no damage. x2
The goblin hits you but does no damage.
You puncture the worm!
You kill the worm!
The ball python bites you but does no damage.
The ball python constricts you. The goblin hits you but does no damage.
The shadow imp hits you but does no damage.
The shadow imp hits you.
You die...

###.#. .# .#
......##.##.###
...............
..^............
...............
.$.............
......5.g......
......S♣5......
......†.†......
...............
.......).......
...............
...............
...............
........P......


You could see 2 shadow imps, a goblin and a ball python.

Vanquished Creatures
  A scorpion (D:4)
  A quasit (D:4)
  A human zombie (D:3)
  A sleepcap (D:4)
  An adder (D:4)
  A shadow imp (D:4)
  2 white imps (D:4)
  2 worms
  A dart slug (D:1)
  2 ball pythons
  5 bats
  2 endoplasms
  2 hobgoblins (D:2)
  2 kobolds (D:2)
  4 quokkas
  4 frilled lizards (D:2)
  3 goblins
  2 rats
37 creatures vanquished.

Notes
Turn   | Place    | Note
-------+----------+-------------------------------------------
     0 | D:1      | Ijustatesigmund the Octopode Venom Mage began the quest for
                  | the Orb.
     0 | D:1      | Reached XP level 1. HP: 11/11 MP: 3/3
   301 | D:1      | Reached XP level 2. HP: 12/18 MP: 5/5
   304 | D:1      | Learned a level 2 spell: Poisonous Vapours
   745 | D:2      | Found a faded altar of an unknown god.
   769 | D:2      | Reached skill level 4 in Poison Magic
   814 | D:2      | Reached skill level 1 in Fighting
  1199 | D:2      | Reached XP level 3. HP: 23/23 MP: 6/6
  1203 | D:2      | Learned a level 3 spell: Mephitic Cloud
  1587 | D:3      | Found a runed translucent door.
  1588 | D:3      | Noticed a human
  1605 | D:3      | Reached skill level 1 in Air Magic
  1605 | D:3      | Reached XP level 4. HP: 16/28 MP: 7/7
  1881 | D:3      | Identified the +2 leather armour of the Garden {Str-2 Int+3
                  | Slay+3}
  1970 | D:3      | Noticed Ijyb
  1983 | D:3      | Noticed a phantom
  1990 | D:4      | Reached skill level 1 in Conjurations
  2000 | D:4      | Noticed a scorpion
  2003 | D:4      | Reached XP level 5. HP: 33/34 MP: 9/9
  2017 | D:4      | HP: 1/51 [goblin/+3 dagger (2)]
  2019 | D:4      | Slain by a shadow imp

Illustrated notes

Levels and vault maps discovered:
D:1:      roderic_dead_forest, layout_basic
D:2:      layout_loops_ring, hellmonk_ecumenical_altar_lost_god, nrook_uturn
D:3:      layout_loops_ring, lemuel_coloured_pillars_altar,
          dk_yredelemnul_ordeal, uniq_ijyb
D:4:      dreamdust_elfheim, layout_basic, kennysheep_little_box,
          serial_demonic, serial_demonic_g, serial_demonic_c, serial_demonic_e,
          serial_demonic_f, serial_demonic_g, serial_demonic_a

Skill      XL: |  1  2  3  4  5 |
---------------+----------------+-----
Poison Magic   | 4 |  4.8
Fighting       | 1 2 |  2.3
Air Magic      | 1 2 |  2.0
Conjurations   | 1 |  1.7
Spellcasting   | 3 |  3.0
Dodging        | |  2.0
Stealth        | |  2.6
Transmutations | |  1.0

Action                     |  1- 3 |  4- 6 || total
---------------------------+-------+-------++-------
  Melee: Trident           |    20 |       ||    20
         Tentacles         |    12 |       ||    12
         Constrict         |    10 |     1 ||    11
         Short sword       |    29 |    36 ||    65
         Punch             |     1 |       ||     1
   Cast: Sting             |     5 |       ||     5
         Poisonous Vapours |     7 |     1 ||     8
    Use: Scroll            |    10 |     2 ||    12
         Potion            |       |     3 ||     3
   Stab: Sleeping          |     7 |       ||     7
 Armour: Skin              |     1 |   159 ||   160
  Dodge: Dodged            |    21 |    20 ||    41

Table legend: (Time is in decaauts)
 A = Elapsed time spent in this place.
 B = Non-inter-level travel time spent in this place.
 C = Inter-level travel time spent in this place.
 D = Time resting spent in this place.
 E = Time spent auto-exploring this place.
 F = Levels seen in this place.
 G = Mean time per level.
                   A        B        C        D        E       F      G
               +--------+--------+--------+--------+--------+-----+--------+
         Total |   2024 |   1990 |     34 |    247 |   1403 |   4 |  506.0 |
       Dungeon |   2024 |   1990 |     34 |    247 |   1403 |   4 |  506.0 |
               +--------+--------+--------+--------+--------+-----+--------+

Top non-repeatable levels by time:
     D:2: 904 daAuts
     D:1: 687 daAuts
     D:3: 399 daAuts
     D:4: 32 daAuts
